Unix NetHack Version 3.7.0-89 Work-in-progress - last build Sep 7 2023 15:16:41 (8494bff02b67719303c47e298deaa89034127798,branch:master). Game began 2023-09-14 18:55:04, ended 2023-09-14 20:30:55. grux, lawful female human Valkyrie ------- ###..).@.| # |)&.r(| # --.---- ### -----# -...|# |...|# |..<|# |....# ----- Grux the Skirmisher St:17 Dx:12 Co:18 In:10 Wi:9 Ch:7 Lawful S:979 Dlvl:7 $:47 HP:0(36) Pw:14(14) AC:0 Xp:4/158 T:1940 Latest messages: The gnome king screams! The kobold lady wakes up. The gnome wakes up. The incubus bites the gnome king. The incubus steals a mace from the gnome king! The incubus hits the gnome king. The incubus hits the gnome king. The gnome king misses the incubus. The gnome king hits! You hit the gnome king. The incubus misses the gnome king. The incubus misses the gnome king. The incubus misses the gnome king. The gnome king hits! You hit the gnome king. The incubus drops a mace. The incubus pretends to be friendly to the kobold lady. The incubus hits the kobold lady. The incubus hits the kobold lady. The kobold lady misses the incubus. The gnome king hits! You kill the gnome king! The incubus smiles at the kobold lady seductively. The incubus hits the kobold lady. The incubus hits the kobold lady. The kobold lady is killed! The gnome wields an aklys! The aklys welds itself to the gnome's hand! You hit the gnome! The incubus misses the gnome. The incubus hits the gnome. The incubus hits the gnome. The gnome is killed! You sit on the opulent throne. You feel somehow out of place... The throne vanishes in a puff of logic. The incubus picks up an orcish helm. The incubus pretends to be friendly to it. The incubus misses it. The incubus misses it. You see here a chest. The incubus puts on an orcish helm. The rabid rat bites! The rabid rat's bite was poisoned! You hit the rabid rat. The rabid rat bites! You die... Do you want your possessions identified? [ynq] (y) y Do you want to see your attributes? [ynq] (y) y Do you want an account of creatures vanquished? [ynaq] (y) q Inventory: Coins $ - 47 gold pieces Weapons b - a +0 dagger (alternate weapon; not wielded) a - a +1 spear (weapon in hand) Armor c - an uncursed +3 small shield (being worn) g - a blessed +1 chain mail (being worn) Comestibles d - an uncursed food ration Scrolls i - a cursed scroll of enchant armor Spellbooks e - a cursed spellbook of identify Potions h - a cursed potion of monster detection Rings l - an uncursed ring of regeneration (on right hand) Wands f - a wand of polymorph (0:2) Tools k - a corroded +0 pick-axe j - 5 cursed tallow candles Grux the Valkyrie's attributes: Background: You were a Skirmisher, a level 4 human Valkyrie. You were lawful, on a mission for Tyr who was opposed by Odin (neutral) and Loki (chaotic). You were in the Dungeons of Doom, on level 7. You entered the dungeon 1940 turns ago. There was a new moon in effect when your adventure ended. You had 158 experience points, 2 more were needed to attain level 5. Your score was 979 before end-of-game adjustments. Basics: You had 0 out of 36 hit points. You had all 14 energy points (spell power). Your armor class was 0. Your wallet contained 47 zorkmids. Autopickup was on for '$' plus thrown. Final Characteristics: Your strength was 17 (peak:18/01, limit:18/100). Your dexterity was 12 (limit:18). Your constitution was 18 (limit:18). Your intelligence was 10 (limit:18). Your wisdom was 9 (limit:18). Your charisma was 7 (limit:18). Final Status: You were not hungry. You were unencumbered. You were wielding a spear. You had basic skill with spear. Final Attributes: You were devoutly aligned. You were cold resistant. You were telepathic. You were stealthy. You regenerated. You were warded. You are dead. Miscellaneous: You never encountered a bones level. Total elapsed playing time was 12 minutes and 56 seconds. Major events: Turn 1: grux the lawful human Valkyrie entered the dungeon 602: attained the rank of Skirmisher (level 3) 1940: killed by a rabid rat Vanquished creatures: a gnome ruler a shrieker a violet fungus 2 gnome leaders a little dog a floating eye a homunculus 2 kobold leaders a rabid rat 2 giant bats 2 orc zombies a dwarf zombie a werejackal a hobbit a cave spider a yellow mold a gnome 3 gnome zombies 2 geckos a fox a goblin 2 sewer rats 4 grid bugs 2 lichens a kobold zombie a newt 38 creatures vanquished. No species were genocided or became extinct. Voluntary challenges: You read items or engraved 1 time. You never engraved Elbereth. You never genocided any monsters. You never polymorphed an object. You never changed form. You used no wishes. Achievement: You attained the rank of Skirmisher. The Dungeons of Doom: levels 1 to 7 Level 1: Level 2: Level 3: A fountain. Level 4: A fountain. Level 5: Level 6: A fountain. Level 7: <- You were here. Final resting place for you, killed by a rabid rat. Game over: ---------- / \ / REST \ / IN \ / PEACE \ / \ | grux | | 47 Au | | killed by a | | rabid rat | | | | | | 2023 | *| * * * | * _________)/\\_//(\/(/\)/\//\/|_)_______ Farvel grux the Valkyrie... You died in The Dungeons of Doom on dungeon level 7 with 975 points, and 47 pieces of gold, after 1940 moves. You were level 4 with a maximum of 36 hit points when you died.